 Dungeon Crawl Stone Soup version 0.29.1-15-g9cfb28693d (webtiles) character file.

Game seed: 13039416610174131167

253 Ast3rio the Shield-Bearer (level 6, -6/48 HPs)
             Began as a Formicid Fighter on Mar 23, 2023.
             Was an Initiate of Makhleb.
             Mangled by Sigmund
             ... wielding a +0 scythe
              (7 damage)
             ... on level 4 of the Dungeon.
             The game lasted 00:05:51 (3866 turns).

Ast3rio the Shield-Bearer (Formicid Fighter)        Turns: 3866, Time: 00:05:52

Health: -6/48      AC:  8    Str: 23    XL:     6   Next: 37%
Magic:  6/6        EV:  9    Int:  7    God:    Makhleb [......]
Gold:   223        SH:  5    Dex: 13    Spells: 5/5 levels left

rFire   . . .      SeeInvis +   a - +0 war axe
rCold   . . .      Faith    .   c - +0 buckler
rNeg    . . .      Spirit   .   b - +0 scale mail
rPois   .          Reflect  .   (helmet unavailable)
rElec   .          Harm     .   (no cloak)
rCorr   .          Rampage  .   (no gloves)
Will    .....                   e - +0 pair of boots {Stlth+}
Stlth   +.........              (no amulet)
HPRegen 0.16/turn               (no ring)
MPRegen 0.10/turn               (no ring)

@: no status effects
A: permanent stasis, dig shafts and tunnels, antennae 3, four strong arms
a: Dig, Shaft Self, Renounce Religion


You were on level 4 of the Dungeon.
You worshipped Makhleb.
Makhleb was noncommittal.
You visited 1 branch of the dungeon, and saw 4 of its levels.

You collected 223 gold pieces.

Inventory:

Hand Weapons
 a - a +0 war axe (weapon)
Armour
 b - a +0 scale mail (worn)
 c - a +0 buckler (worn)
 e - a +0 pair of boots of stealth (worn)
Jewellery
 p - a +6 ring of intelligence
 t - a +6 ring of dexterity
 u - an amulet of magic regeneration
Wands
 o - a wand of polymorph (7)
Scrolls
 g - 2 scrolls of magic mapping {unknown}
 h - 2 scrolls of amnesia {unknown}
 i - a scroll of butterflies {unknown}
 k - 5 scrolls of identify {unknown}
 n - 3 scrolls of teleportation {unknown}
 s - 3 scrolls of blinking {unknown}
 v - a scroll of fear {unknown}
 w - a scroll of silence {unknown}
 y - a scroll of noise {unknown}
 z - a scroll of torment {unknown}
 A - a scroll of vulnerability {unknown}
 B - a scroll of immolation {unknown}
Potions
 d - a potion of might
 f - 2 potions of heal wounds {unknown}
 j - a potion of berserk rage {unknown}
 l - 3 potions of lignification {unknown}
 m - 2 potions of mutation {unknown}
 q - 2 potions of haste {unknown}
 r - a potion of curing {unknown}
 x - a potion of flight {unknown}


   Skills:
 + Level 4.1 Fighting
 + Level 4.3 Axes
 + Level 4.4 Armour
 + Level 0.8 Dodging
 + Level 1.7 Stealth
 + Level 4.5 Shields


You had 5 spell levels left.
You didn't know any spells.
Your spell library contained the following spells:

 Spells                   Type           Power      Damage    Failure   Level
 Magic Dart               Conj           0%         1d3       80%         1
 Call Imp                 Summ           0%         N/A       91%         2
 Inner Flame              Hex/Fire       0%         N/A       99%         3
 Mephitic Cloud           Conj/Pois/Air  0%         N/A       99%         3
 Cause Fear               Hex            0%         N/A       100%        4
 Discord                  Hex            0%         N/A       100%        8


Dungeon Overview and Level Annotations

Branches:
Dungeon (4/15)             Temple (0/1) D:4

Altars:
Makhleb
Nemelex Xobeh

Shops:
D:1 ?

Annotations:
D:4 Sigmund


Innate Abilities, Weirdness & Mutations

You cannot be hasted, slowed, berserked, paralysed or teleported.
You can dig through walls and to a lower floor.
You have a pair of large antennae on your head. (SInv)
Your four strong arms can wield two-handed weapons with a shield.


Message History

You are too injured to fight recklessly!
You are too injured to fight recklessly!
You are too injured to fight recklessly!
You are too injured to fight recklessly!
You are too injured to fight recklessly!
You are too injured to fight recklessly!
You are too injured to fight recklessly!
You are too injured to fight recklessly!
You are too injured to fight recklessly!
You are too injured to fight recklessly!
You are too injured to fight recklessly!
You closely miss Sigmund.
Sigmund points at you and mumbles some strange words.
You are confused.
Sigmund zaps a wand.
The puff of flame hits you.
You miss Sigmund.
Sigmund zaps a wand.
The puff of flame hits you but does no damage.
Sigmund attacks as you move away! Sigmund hits you but does no damage.
Sigmund points at you and mumbles some strange words.
The magic dart hits you.
* * * LOW HITPOINT WARNING * * *
You barely miss Sigmund. Sigmund hits you with a +0 scythe!
* * * LOW HITPOINT WARNING * * *
You feel less confused. Sigmund closely misses you.
Sigmund hits you but does no damage.
Sigmund zaps a wand.
The puff of flame hits you.
* * * LOW HITPOINT WARNING * * *
Sigmund says, "You will soon forget everything."
Sigmund zaps a wand.
You block the puff of flame.
Sigmund zaps a wand.
The puff of flame hits you.
* * * LOW HITPOINT WARNING * * *
Sigmund barely misses you. Sigmund casts a spell at you.
You resist with some effort.
You barely miss Sigmund. Sigmund closely misses you.
You slash Sigmund!
Sigmund is heavily wounded.
Sigmund hits you with a +0 scythe!
You die...

## ### #.. ..# ##.# #.#
#...## #.######### #
#.#.### #.#.......####
#.#.....###....#........
#.#.#.#.....@@...#
#.............###
##.#########...... #.#
#.##### #.# #.# #.# #+#
# #.# # #.### # ##...#


You could see Sigmund (resistant).

Vanquished Creatures
  A necrophage (D:4)
  2 orc priests
  Robin (D:4)
  2 adders (D:2)
  3 gnolls (D:2)
  2 orcs (D:3)
  7 bats
  An endoplasm (D:2)
  2 giant cockroaches (D:3)
  7 goblins
  9 hobgoblins
  8 jackals (D:2)
  7 kobolds
  2 quokkas
  3 ball pythons
  8 frilled lizards
  6 rats
71 creatures vanquished.

Notes
Turn   | Place    | Note
-------+----------+-------------------------------------------
     0 | D:1      | Ast3rio the Formicid Fighter began the quest for the Orb.
     0 | D:1      | Reached XP level 1. HP: 18/18 MP: 1/1
    46 | D:1      | Found a faded altar of an unknown god.
   433 | D:1      | Found Jostor's Magic Scroll Shoppe.
   548 | D:1      | Reached XP level 2. HP: 24/24 MP: 2/2
   734 | D:2      | Reached XP level 3. HP: 29/29 MP: 3/3
  1236 | D:2      | Reached skill level 1 in Stealth
  1240 | D:2      | Reached XP level 4. HP: 35/35 MP: 4/4
  1334 | D:2      | Found the +8 lance "Wyrmbane" {slay drac, rPois rF+ rC+
                  | AC+3}
  2058 | D:3      | Found a sparkling altar of Nemelex Xobeh.
  2157 | D:3      | Reached XP level 5. HP: 13/42 MP: 5/5
  2839 | D:3      | Found a burning altar of Makhleb.
  3150 | D:3      | Became a worshipper of Makhleb the Destroyer
  3507 | D:4      | Noticed Robin
  3515 | D:4      | Killed Robin
  3647 | D:4      | Found a staircase to the Ecumenical Temple.
  3689 | D:4      | Reached XP level 6. HP: 48/48 MP: 6/6
  3842 | D:4      | Noticed Sigmund
  3862 | D:4      | HP: 1/48 [Sigmund/puff of flame (4)]
  3866 | D:4      | Mangled by Sigmund

Illustrated notes

Levels and vault maps discovered:
D:1:      lemuel_arrival_broad_hall, layout_loops_cross, serial_shops,
          nicolae_shop_hallway_plus, shapermc_ecumenical_altar_totnotflames,
          dreamdust_princess_bridge, minivault_11, minmay_misc_feat_square
D:2:      wander_river, layout_loops_ring, minmay_fractal_squares_5
D:3:      layout_loops_corners, mainiacjoe_overflow_six_doors_small,
          marbit_many_paths
D:4:      minmay_chambers_of_threes, layout_loops_corners,
          minmay_temple_entry_proselytizer, uniq_duvessa, uniq_robin,
          uniq_sigmund, uniq_natasha, uniq_crazy_yiuf_cottage

Skill      XL: |  1  2  3  4  5 |
---------------+----------------+-----
Stealth        | 1 |  1.7
Axes           | 3 4 |  4.3
Armour         | 4 |  4.4
Fighting       | 4 |  4.1
Dodging        | |  0.8
Shields        | |  4.5

Action                   |  1- 3 |  4- 6 || total
-------------------------+-------+-------++-------
Melee: War axe           |    82 |   120 ||   202
 Stab: Sleeping          |       |     1 ||     1
Armor: Scale mail        |    59 |    49 ||   108
Dodge: Dodged            |    59 |    54 ||   113
Block: Buckler           |    24 |    36 ||    60
